 Dungeon Sprint DCSS version 0.29-a0-270-g1586fc07ea (webtiles) character file.

Game seed: 1249599493496018620

80748 mhtbhm the Conqueror (level 15, -4/234 HPs)
             Began as a Minotaur Berserker on Mar 7, 2022.
             Was the Champion of Trog.
             Succumbed to Gloorx Vloq's poison arrow
             ... in the Dungeon (Sprint II: "The Violet Keep of Menkaure").
             The game lasted 00:24:02 (5051 turns).

mhtbhm the Conqueror (Minotaur Berserker)           Turns: 5051, Time: 00:24:03

Health: -4/234     AC: 47    Str: 33    XL:     15   Next: 24%
Magic:  16/23      EV:  9    Int:  4    God:    Trog [******]
Gold:   7537       SH: 26    Dex:  5    Spells: 14/14 levels left

rFire   + + +      SeeInvis .   O - +6 broad axe (vorpal)
rCold   + + .      Faith    .   z - +6 tower shield {rC+}
rNeg    . . .      Spirit   .   b - +10 plate armour of Infinity {Will+}
rPois   +          Reflect  +   (helmet restricted)
rElec   +          Harm     .   j - +1 cloak of Nuunuv {rF+ Regen+ MP+9 Stlth+}
rCorr   +          Rampage  .   p - +2 pair of gloves "Sittufe" {Contam rElec rF+++ Dex-4}
Will    +++..      NoTele   +   i - +2 pair of boots "Ypless" {*Slow rCorr Str+3 Slay+5}
Stlth   ..........              k - amulet of reflection
HPRegen 1.29/turn               h - +4 ring of protection
MPRegen 0.18/turn               E - ring of Labricadu {Fly rPois Will+}

@: mighty, berserking, lethally poisoned (-4 -> -18), flying, slowed
A: horns 2, retaliatory headbutt, iridescent scales 1, cold resistance 1, frail
1
a: Renounce Religion, Berserk, Trog's Hand, Brothers in Arms


You were in the Dungeon.
You worshipped Trog.
Trog was exalted by your worship.
You visited 1 branch You collected 10097 gold pieces.
You spent 2560 gold pieces at shops.

Inventory:

Hand Weapons
 a - a +6 vorpal executioner's axe
 D - the +4 battleaxe of Weloukk {flame, rElec}
   (Trog gifted it to you in the Dungeon)

   It burns those it strikes, dealing additional fire damage.
   Big, fiery blades are also staple armaments of hydra-hunters.
   rElec:     It insulates you from electricity.
 O - a +6 vorpal broad axe (weapon)
Missiles
 n - 3 curare-tipped darts (quivered)
 K - a throwing net
Armour
 b - the +10 plate armour of Infinity (worn) {Will+}
   (You found it in the Dungeon)

   Will:      It increases your willpower.
 i - the +2 pair of boots "Ypless" (worn) {*Slow rCorr Str+3 Slay+5}
   (You bought it in a shop in the Dungeon)

   Str:       It affects your strength (+3).
   Slay:      It affects your accuracy & damage with ranged weapons and melee
   (+5).
   rCorr:     It protects you from acid and corrosion.
   *Slow:     It may slow you when you take damage.
 j - the +1 cloak of Nuunuv (worn) {rF+ Regen+ MP+9 Stlth+}
   (You bought it in a shop in the Dungeon)

   rF:        It protects you from fire.
   MP:        It affects your magic capacity (+9).
   Regen:     It increases your rate of health regeneration.
   Stlth:     It makes you more stealthy.
 p - the +2 pair of gloves "Sittufe" (worn) {Contam rElec rF+++ Dex-4}
   (You acquired it in the Dungeon)

   Dex:       It affects your dexterity (-4).
   rF:        It renders you almost immune to fire.
   rElec:     It insulates you from electricity.
   Contam:    It causes magical contamination when unequipped.
 z - a +6 tower shield of cold resistance (worn)
 N - the +1 cloak of Starlight {*Dazzle EV+4 Stlth--}
   (You acquired it in the Dungeon)

   It may blind those who miss an attack against the wearer in melee combat.
   EV:        It affects your evasion (+4).
   Stlth:     It makes you much less stealthy.
Jewellery
 h - a +4 ring of protection (left hand)
 k - an amulet of reflection (around neck)
 o - a +4 ring of protection
 y - a ring of ice
 A - the ring of Kulihirafi {rPois rC- Will+++ Int+8}
   (You acquired it in the Dungeon)

   [ring of poison resistance]

   Int:       It affects your intelligence (+8).
   rC:        It makes you vulnerable to cold.
   rPois:     It protects you from poison.
   Will:      It greatly increases your willpower.
 C - a ring of protection from fire
 E - the ring of Labricadu (right hand) {Fly rPois Will+}
   (You acquired it in the Dungeon)

   [ring of flight]

   rPois:     It protects you from poison.
   Fly:       It grants you flight.
   Will:      It increases your willpower.
Scrolls
 e - 2 scrolls of torment
 l - 2 scrolls of holy word
 v - a scroll of identify
 w - 2 scrolls of immolation
 H - a scroll of fear
 I - a scroll of vulnerability
 J - a scroll of blinking
 L - a scroll of silence
Potions
 c - a potion of might
 d - a potion of invisibility
 f - 23 potions of magic
 g - a potion of berserk rage
 q - 12 potions of flight
 r - 2 potions of attraction
 s - a potion of curing
 t - 4 potions of resistance
 B - 6 potions of haste
 F - 26 potions of mutation
 G - a potion of heal wounds
Miscellaneous
 m - a tin of tremorstones (inert)
 u - a lightning rod (4/4)
 M - a phantom mirror


   Skills:
 O Level 27 Fighting
 O Level 27 Axes
 + Level 23.2 Armour
 + Level 14.6 Dodging
 + Level 5.5 Stealth
 + Level 12.2 Shields
 + Level 8.2 Evocations


You had 14 spell levels left.
You didn't know any spells.
Your spell library was empty.

Dungeon Overview and Level Annotations

Branches:
Dungeon (1/1)

Altars:
Cheibriados
Dithmenos
Elyvilon
Fedhas
Gozag
Hepliaklqana
Kikubaaqudgha
Makhleb
Nemelex Xobeh
Okawaru
Qazlal
Ru
Sif Muna
Trog
Uskayaw
Vehumet
Wu Jian
Xom
Yredelemnul
Zin
The Shining One
Beogh
Jiyva
Lugonu

Shops:
D *[:=**[*!:![[?!=[[([!:(=:?=[?:=!::!*

Annotations:
D Gloorx Vloq


Innate Abilities, Weirdness & Mutations

You have a pair of horns on your head.
You reflexively headbutt those who attack you in melee.
You are partially covered in iridescent scales. (AC +2)
Your flesh is cold resistant. (rC+)
You are frail. (-10% HP)


Message History

Unknown command.
You barely miss something. You headbutt something!!
Gloorx Vloq moans, "Accept thy doom, thou tasty junket!"
Gloorx Vloq gestures at you.
The foul vapour engulfs the death scarab.
The death scarab completely resists.
Something hits you but does no damage. Something bites you but does no damage.
Unknown command.
You hit something. You headbutt something!
You feel the power of Trog in you as your rage grows.
Trog accepts your kill.
Trog appreciates your killing of a magic user.
Reactivating autopickup.
You feel a bit more experienced.
You are engulfed in dark miasma.
You feel yourself slow down.
* * * LOW HITPOINT WARNING * * *
The Executioner gestures.
The Executioner seems to speed up.
You block the death scarab's attack.
You barely miss the death scarab. Your headbutt misses the death scarab.
The death scarab is almost destroyed.
You are engulfed in dark miasma.
The death scarab barely misses you. You block the death scarab's attack.
Unknown command.
Unknown command.
You carve the death scarab like a ham!!!
You destroy the death scarab!
The death scarab's corpse disappears in a puff of smoke!
You are engulfed in dark miasma.
You are lethally poisoned!
* * * LOW HITPOINT WARNING * * *
x2 You feel very sick.
Gloorx Vloq calls on the powers of darkness!
You feel a surge of unholy energy. Gloorx Vloq gestures at you.
The poison arrow hits you but does no damage.
You are more poisoned.
The curse toe calls on the powers of darkness!
You feel a surge of unholy energy.
Unknown command.
You die...

###### ## #..:)#
▓▓▓▓▓▓▓▓▓▓▓▓▓▓▓▓▓▓▓▓▓▓▓
.###):.}##▓...M&@...'..♣♣.....♣♣.
##........▓...1z▓..f▓.♣♣..♣...♣♣.
##......(.▓....1▓.▓▓▓.♣♣..♣♣..♣♣.
○##⌠....#'▓▓▓..1▓...▓.♣♣^.♣♣)^♣..
°○##..).#..▓▓▓+▓▓▓▓.▓.♣.^.♣♣.....
○○°##†)##...+.°.▓0..▓.....▓▓▓▓▓▓▓
..##≈...###.#.○○▓▓▓▓▓▓▓▓▓▓▓▓▓▓▓▓▓
.##§§.^...#.#○°○▓§≈≈≈≈≈§≈▓▓▓....▓
'#####÷.^.#.##)○▓▓▓▓▓▓▓▓▓▓▓▓'▓▓.▓


You could see Gloorx Vloq, a royal mummy, a curse toe, 3 Executioners and a
wandering mushroom (summoned).

Vanquished Creatures
  the Lernaean hydra (D)
  2 golden dragons (D)
  A bone dragon (D)
  A hellephant (D)
  An electric golem (D)
  A deep elf blademaster (D)
  3 quicksilver dragons (D)
  A kraken (D)
  Murray (D)
  A deep elf master archer (D)
  2 sphinxes (D)
  Gastronok (D)
  2 storm dragons (D)
  Kirke (D)
  A frost giant (D)
  Roxanne (D)
  A draconian knight (D)
  A cacodemon (D)
  A draconian shifter (D)
  A vampire knight (D)
  3 lorocyprocas (D)
  A dire elephant (D)
  An iron golem (D)
  A fire dragon (D)
  A yaktaur captain (D)
  A deep elf high priest (D)
  An ice dragon (D)
  A crystal guardian (D)
  A great orb of eyes (D)
  An iron elemental (D)
  A centaur warrior (D)
  A death yak (D)
  2 hell hogs (D)
  Sonja (D)
  3 sixfirhies (D)
  2 death drakes (D)
  A skeletal warrior (D)
  A glowing orange brain (D)
  2 deep trolls (D)
  An obsidian statue (D)
  An orange crystal statue (D)
  A harpy (D)
  An oklob plant (D)
  3 orc sorcerers (D)
  3 manticores (D)
  15 shining eyes (D)
  An elephant (D)
  3 toenail golems (D)
  A merfolk siren (D)
  An ice statue (D)
  An eye of devastation (D)
  A kobold demonologist (D)
  2 unseen horrors (D)
  A yaktaur (D)
  5 polar bears (D)
  A hornet (D)
  2 slime creatures (D)
  A blink frog (D)
  6 flying skulls (D)
  5 wyverns (D)
  3 yaks (D)
  A golden eye (D)
  Menkaure (D)
  10 floating eyes (D)
  8 water moccasins (D)
  3 black bears (D)
  2 swamp drakes (D)
  5 necrophages (D)
  2 earth elementals (D)
  4 scorpions (D)
  9 electric eels (D)
  4 orc priests (D)
  A jelly (D)
  An iron imp (D)
  3 worms (D)
  A spectral ball python (D)
  A spectral quokka (D)
  4 tentacles (D)
170 creatures vanquished.

Vanquished Creatures (others)
  2 ballistomycete spores (D)
  8 tentacles (D)
10 creatures vanquished.

Grand Total: 180 creatures vanquished

Notes
Turn   | Place    | Note
-------+----------+-------------------------------------------
     0 | D        | mhtbhm the Minotaur Berserker began the quest for the Orb.
     0 | D        | Reached XP level 1. HP: 19/19 MP: 0/0
     1 | D        | Noticed a scorpion
     1 | D        | Noticed a scorpion
     6 | D        | Killed a scorpion
     7 | D        | Reached XP level 2. HP: 28/31 MP: 1/1
     7 | D        | Reached XP level 3. HP: 34/38 MP: 2/2
    11 | D        | Killed a scorpion
    12 | D        | Reached XP level 4. HP: 48/48 MP: 3/3
    30 | D        | Noticed a scorpion
    30 | D        | Noticed a scorpion
    34 | D        | Killed a scorpion
    34 | D        | Reached ** piety under Trog
    35 | D        | Reached XP level 5. HP: 48/56 MP: 4/4
    38 | D        | Reached skill level 5 in Armour
   195 | D        | Reached skill level 10 in Fighting
   195 | D        | Reached skill level 10 in Axes
   195 | D        | Reached skill level 5 in Dodging
   195 | D        | Reached XP level 6. HP: 66/66 MP: 5/5
   202 | D        | Reached *** piety under Trog
   260 | D        | Noticed Menkaure
   268 | D        | Killed Menkaure
   269 | D        | Found Deoneps's Jewellery Shoppe.
   270 | D        | Found Laizo's Distillery.
   270 | D        | Found Taf Jano's Armour Shoppe.
   270 | D        | Found Zaim's Antique Armour Emporium.
   270 | D        | Found Zoinizxa's Book Shoppe.
   270 | D        | Found Borch's Magic Scroll Emporium.
   331 | D        | Noticed a water moccasin
   339 | D        | Killed a water moccasin
   340 | D        | Reached XP level 7. HP: 56/75 MP: 6/6
   509 | D        | Reached **** piety under Trog
   516 | D        | Noticed an orange crystal statue
   533 | D        | Noticed a merfolk siren
   554 | D        | Killed a merfolk siren
   675 | D        | Found Yjaphuo's Magic Scroll Emporium.
   678 | D        | Found Xaize's Antique Weapon Shoppe.
   678 | D        | Found Biqelan's Book Emporium.
   678 | D        | Found Vatimer's Jewellery Shoppe.
   678 | D        | Found Wap Doll's Distillery.
   679 | D        | Found Yroana's Armour Shoppe.
   679 | D        | Found Odeefaed's Distillery.
   679 | D        | Noticed a manticore
   680 | D        | Found Ganaduiz's Antique Armour Emporium.
   680 | D        | Noticed a manticore
   681 | D        | Noticed a manticore
   681 | D        | Noticed an oklob plant
   682 | D        | Found Nehuthop's Book Shoppe.
   692 | D        | Reached ***** piety under Trog
   693 | D        | Reached XP level 8. HP: 75/86 MP: 7/7
   700 | D        | Bought a pair of warped boots for 142 gold pieces
   700 | D        | Identified the +2 pair of boots "Ypless" {*Slow rCorr Str+3
                  | Slay+5} (You bought it in a shop in the Dungeon)
   721 | D        | Bought a heavily runed ring mail for 234 gold pieces
   721 | D        | Identified the +1 ring mail "Hucu" {Regen+ Str+3} (You
                  | bought it in a shop in the Dungeon)
   739 | D        | Bought a pitted cloak for 247 gold pieces
   739 | D        | Identified the +1 cloak of Nuunuv {rF+ Regen+ MP+9 Stlth+}
                  | (You bought it in a shop in the Dungeon)
   764 | D        | Bought an amulet of reflection for 330 gold pieces
   794 | D        | Found a snail-covered altar of Cheibriados.
   795 | D        | Found a shadowy altar of Dithmenos.
   795 | D        | Found a viscous altar of Jiyva.
   796 | D        | Found a white marble altar of Elyvilon.
   796 | D        | Found an ancient bone altar of Kikubaaqudgha.
   797 | D        | Found a blossoming altar of Fedhas.
   797 | D        | Found a corrupted altar of Lugonu.
   797 | D        | Found a shimmering blue altar of Sif Muna.
   798 | D        | Found an opulent altar of Gozag.
   798 | D        | Found a burning altar of Makhleb.
   798 | D        | Found a bloodstained altar of Trog.
   799 | D        | Found a sparkling altar of Nemelex Xobeh.
   799 | D        | Found a hide-covered altar of Uskayaw.
   800 | D        | Found an iron altar of Okawaru.
   800 | D        | Found a radiant altar of Vehumet.
   800 | D        | Found a glowing silver altar of Zin.
   800 | D        | Found a basalt altar of Yredelemnul.
   800 | D        | Noticed a polar bear
   800 | D        | Noticed a polar bear
   800 | D        | Noticed a polar bear
   816 | D        | Killed a polar bear
   817 | D        | Reached skill level 1 in Stealth
   820 | D        | Noticed a hornet
   824 | D        | Killed a polar bear
   827 | D        | Killed a polar bear
   828 | D        | Reached skill level 15 in Axes
   831 | D        | Killed a hornet
   832 | D        | Noticed a yaktaur
   837 | D        | Killed a yaktaur
   838 | D        | Reached XP level 9. HP: 84/96 MP: 8/8
   877 | D        | Noticed a kraken
   909 | D        | HP: 3/96 [tentacle[a kraken] (16)]
  1021 | D        | Killed a kraken
  1021 | D        | Received a gift from Trog
  1022 | D        | Reached skill level 15 in Fighting
  1022 | D        | Reached skill level 10 in Dodging
  1187 | D        | Found a shimmering altar of Xom.
  1187 | D        | Found a sacrificial altar of Ru.
  1188 | D        | Found a glowing golden altar of the Shining One.
  1188 | D        | Found an ornate altar of the Wu Jian Council.
  1188 | D        | Found a stormy altar of Qazlal.
  1200 | D        | Noticed a deep troll
  1201 | D        | Noticed a deep troll
  1205 | D        | Killed a deep troll
  1206 | D        | Reached XP level 10. HP: 107/107 MP: 9/9
  1206 | D        | Killed a deep troll
  1240 | D        | Noticed a sphinx
  1240 | D        | Noticed a sphinx
  1245 | D        | Killed a sphinx
  1246 | D        | Reached skill level 10 in Armour
  1246 | D        | Killed a sphinx
  1246 | D        | Reached ****** piety under Trog
  1349 | D        | Found a hazy altar of Hepliaklqana.
  1357 | D        | Noticed Roxanne
  1362 | D        | Noticed a sixfirhy
  1365 | D        | Noticed a sixfirhy
  1376 | D        | Killed Roxanne
  1376 | D        | Received a gift from Trog
  1377 | D        | Reached skill level 5 in Shields
  1377 | D        | Reached XP level 11. HP: 118/118 MP: 10/10
  1377 | D        | Noticed a sixfirhy
  1455 | D        | Found Piqedoj's Book Shoppe.
  1456 | D        | Found Xaliuxui's Distillery.
  1489 | D        | Killed a sixfirhy
  1492 | D        | Killed a sixfirhy
  1501 | D        | Killed a sixfirhy
  1517 | D        | Noticed Gastronok
  1522 | D        | Killed Gastronok
  1524 | D        | Noticed a dire elephant
  1524 | D        | Noticed an orc sorcerer
  1524 | D        | Noticed an orc sorcerer
  1524 | D        | Noticed an orc sorcerer
  1529 | D        | Noticed a soul eater
  1529 | D        | Killed a dire elephant
  1529 | D        | Received a gift from Trog
  1533 | D        | Killed an orc sorcerer
  1534 | D        | Killed an orc sorcerer
  1536 | D        | Killed an orc sorcerer
  1536 | D        | Received a gift from Trog
  1629 | D        | Identified the +10 plate armour of Infinity {Will+}
  1777 | D        | Found Bemuitej's Assorted Antiques.
  1778 | D        | Found Garixegi's Jewellery Shop.
  1842 | D        | Noticed a crystal guardian
  1844 | D        | Noticed a death drake
  1856 | D        | Killed a death drake
  1917 | D        | Noticed a death drake
  1939 | D        | Killed a crystal guardian
  1940 | D        | Reached skill level 5 in Stealth
  1945 | D        | Killed a death drake
  2016 | D        | Received a gift from Trog
  2031 | D        | Noticed an iron elemental
  2038 | D        | Killed an iron elemental
  2039 | D        | Reached XP level 12. HP: 133/133 MP: 11/11
  2050 | D        | Noticed a deep elf master archer
  2094 | D        | Killed a deep elf master archer
  2143 | D        | Found the +5 scythe "Finisher" {speed, eviscerate}
  2143 | D        | Noticed a great orb of eyes
  2148 | D        | Identified the +4 battleaxe of Weloukk {flame, rElec} (Trog
                  | gifted it to you in the Dungeon)
  2148 | D        | Received a gift from Trog
  2154 | D        | Killed a great orb of eyes
  2154 | D        | Received a gift from Trog
  2237 | D        | Noticed an electric golem
  2237 | D        | Noticed an iron golem
  2254 | D        | Killed an iron golem
  2258 | D        | Killed an electric golem
  2267 | D        | Received a gift from Trog
  2368 | D        | Gained mutation: Your body sometimes deteriorates upon
                  | taking damage. [mutagenic glow]
  2376 | D        | Gained mutation: Armour fits poorly on your strangely
                  | shaped body. [mutagenic glow]
  2379 | D        | Reached XP level 13. HP: 145/145 MP: 12/12
  2383 | D        | Gained mutation: Your spells are a little easier to cast,
                  | but a little less powerful. [mutagenic glow]
  2396 | D        | Gained mutation: You are dopey. (Int -2) [mutagenic glow]
  2513 | D        | Noticed a black draconian knight
  2523 | D        | Noticed the 27-headed Lernaean hydra
  2583 | D        | Received a gift from Trog
  2584 | D        | Reached skill level 15 in Armour
  2761 | D        | Killed a black draconian knight
  2837 | D        | Received a gift from Trog
  2848 | D        | Killed the 23-headed Lernaean hydra
  2910 | D        | Found Puskagin's Armour Shoppe.
  2914 | D        | Identified the +3 chain mail "Munun" {Str+4}
  3165 | D        | Bought a scroll of enchant weapon for 97 gold pieces
  3165 | D        | Bought a scroll of enchant armour for 97 gold pieces
  3165 | D        | Bought 2 scrolls of enchant armour for 195 gold pieces
  3165 | D        | Bought a scroll of identify for 26 gold pieces
  3165 | D        | Bought a scroll of identify for 26 gold pieces
  3165 | D        | Bought a scroll of identify for 26 gold pieces
  3165 | D        | Bought a scroll of identify for 26 gold pieces
  3167 | D        | Identified 9 scrolls of acquirement
  3170 | D        | Acquired the ring of Kulihirafi {rPois rC- Will+++ Int+8}
  3176 | D        | Acquired the ring of Labricadu {Fly rPois Will+}
  3193 | D        | Noticed Kirke
  3193 | D        | Noticed a cacodemon
  3194 | D        | Noticed a bone dragon
  3194 | D        | Noticed a storm dragon
  3195 | D        | Noticed a golden dragon
  3198 | D        | Reached XP level 14. HP: 111/158 MP: 13/13
  3198 | D        | Noticed a frost giant
  3204 | D        | Killed Kirke
  3204 | D        | Received a gift from Trog
  3205 | D        | Reached skill level 1 in Evocations
  3216 | D        | Killed a bone dragon
  3221 | D        | Killed a cacodemon
  3223 | D        | Received a gift from Trog
  3225 | D        | Killed a golden dragon
  3227 | D        | Killed a storm dragon
  3232 | D        | HP: 8/240 [fire dragon (8)]
  3233 | D        | Killed a frost giant
  3234 | D        | Received a gift from Trog
  3235 | D        | Reached skill level 10 in Shields
  3561 | D        | Noticed a golden dragon
  3566 | D        | Killed a golden dragon
  3596 | D        | Found Xaloigon's General Store.
  3596 | D        | Found Buawof's Distillery.
  3596 | D        | Found Jelotidi's Book Emporium.
  3596 | D        | Found Kueryi's Jewellery Boutique.
  3596 | D        | Noticed a storm dragon
  3602 | D        | Killed a storm dragon
  3602 | D        | Identified the +8 battleaxe of Demonkind {vorpal, rPois
                  | Will- Dex+6} (Trog gifted it to you in the Dungeon)
  3602 | D        | Received a gift from Trog
  3603 | D        | Reached skill level 5 in Evocations
  3615 | D        | Bought a potion of heal wounds for 60 gold pieces
  3616 | D        | Bought a scroll of fear for 49 gold pieces
  3707 | D        | Found Esopt's Assorted Antiques.
  3707 | D        | Found Koanug's General Store.
  3707 | D        | Found Atugh's Armour Shop.
  3707 | D        | Found Vyutz's Assorted Antiques.
  3707 | D        | Found Liad's Book Boutique.
  3708 | D        | Found Duefidil's Distillery.
  3708 | D        | Found Lyewoyffen's Antique Armour Boutique.
  3708 | D        | Found Askueps's Armour Emporium.
  3708 | D        | Found Xueluigu's Jewellery Shop.
  3708 | D        | Found Ymnyec's Magic Scroll Emporium.
  3708 | D        | Found Serghum's Weapon Shop.
  3708 | D        | Found Uquiv's Book Shoppe.
  3720 | D        | Bought a scroll of enchant armour for 82 gold pieces
  3720 | D        | Bought a scroll of blinking for 82 gold pieces
  3722 | D        | Bought 2 potions of haste for 220 gold pieces
  3722 | D        | Bought a potion of haste for 110 gold pieces
  3726 | D        | Bought a scroll of enchant weapon for 187 gold pieces
  3740 | D        | Lost mutation: Your body sometimes deteriorates upon taking
                  | damage. [potion of mutation]
  3740 | D        | Lost mutation: Your spells are a little easier to cast, but
                  | a little less powerful. [potion of mutation]
  3740 | D        | Lost mutation: You are dopey. (Int -2) [potion of mutation]
  3740 | D        | Gained mutation: Your muscles are strong. (Str +2) [potion
                  | of mutation]
  3740 | D        | Gained mutation: You have sharp fingernails. [potion of
                  | mutation]
  3741 | D        | Lost mutation: Armour fits poorly on your strangely shaped
                  | body. [potion of mutation]
  3741 | D        | Lost mutation: Your muscles are strong. (Str +2) [potion of
                  | mutation]
  3741 | D        | Gained mutation: You are somewhat resistant to further
                  | mutation. [potion of mutation]
  3741 | D        | Gained mutation: You have a pair of large horns on your
                  | head. [potion of mutation]
  3749 | D        | Acquired 1047 gold pieces
  3762 | D        | Bought a potion of might for 44 gold pieces
  3762 | D        | Bought a potion of resistance for 110 gold pieces
  3776 | D        | Acquired 690 gold pieces
  3825 | D        | Bought a potion of heal wounds for 50 gold pieces
  3825 | D        | Bought a potion of might for 40 gold pieces
  3825 | D        | Bought a potion of invisibility for 80 gold pieces
  3928 | D        | Noticed a purple draconian shifter
  3928 | D        | Noticed a hellephant
  3928 | D        | Noticed Sonja
  3932 | D        | Killed Sonja
  3932 | D        | Received a gift from Trog
  3941 | D        | Killed a purple draconian shifter
  3943 | D        | Killed a hellephant
  4039 | D        | Noticed a deep elf blademaster
  4049 | D        | Killed a deep elf blademaster
  4052 | D        | Received a gift from Trog
  4177 | D        | Gained mutation: You sometimes lose the ability to read
                  | scrolls when taking damage. [a shining eye]
  4180 | D        | Gained mutation: You are dopey. (Int -2) [a shining eye]
  4181 | D        | Reached skill level 27 in Fighting
  4182 | D        | Reached skill level 27 in Axes
  4186 | D        | Paralysed by a floating eye for 3 turns
  4190 | D        | Received a gift from Trog
  4194 | D        | Reached XP level 15. HP: 174/174 MP: 14/14
  4196 | D        | Received a gift from Trog
  4303 | D        | Noticed a quicksilver dragon
  4309 | D        | Killed a quicksilver dragon
  4344 | D        | Noticed a quicksilver dragon
  4351 | D        | Killed a quicksilver dragon
  4494 | D        | Received a gift from Trog
  4494 | D        | Noticed a quicksilver dragon
  4502 | D        | Killed a quicksilver dragon
  4720 | D        | Lost mutation: You are somewhat resistant to further
                  | mutation. [potion of mutation]
  4720 | D        | Lost mutation: You have a pair of large horns on your head.
                  | [potion of mutation]
  4720 | D        | Gained mutation: You are clumsy. (Dex -2) [potion of
                  | mutation]
  4720 | D        | Gained mutation: Your flesh is cold resistant. (rC+)
                  | [potion of mutation]
  4721 | D        | Lost mutation: You are clumsy. (Dex -2) [potion of
                  | mutation]
  4721 | D        | Lost mutation: You sometimes lose the ability to read
                  | scrolls when taking damage. [potion of mutation]
  4721 | D        | Lost mutation: You are dopey. (Int -2) [potion of mutation]
  4721 | D        | Gained mutation: You are frail. (-10% HP) [potion of
                  | mutation]
  4721 | D        | Lost mutation: You have sharp fingernails. [potion of
                  | mutation]
  4721 | D        | Gained mutation: You are partially covered in iridescent
                  | scales. (AC +2) [potion of mutation]
  4914 | D        | Noticed Murray
  4923 | D        | Killed Murray
  4974 | D        | Acquired the +1 cloak of Starlight {*Dazzle EV+4 Stlth--}
  4974 | D        | Found the +1 cloak of Starlight {*Dazzle EV+4 Stlth--}
  4978 | D        | Acquired 653 gold pieces
  4982 | D        | Acquired 634 gold pieces
  4986 | D        | Acquired a +2 vorpal broad axe
  5001 | D        | Acquired the +2 pair of gloves "Sittufe" {Contam rElec
                  | rF+++ Dex-4}
  5010 | D        | Acquired 878 gold pieces
  5039 | D        | Noticed a royal mummy
  5039 | D        | Noticed a curse toe
  5039 | D        | Noticed Gloorx Vloq
  5042 | D        | Noticed an Executioner
  5042 | D        | Noticed an Executioner
  5043 | D        | Noticed an Executioner
  5043 | D        | Noticed an Executioner
  5043 | D        | Noticed an Executioner
  5045 | D        | HP: 11/234 [??? (9)]
  5048 | D        | HP: 5/234 [Gloorx Vloq] (7)]
  5050 | D        | HP: 1/234 [poisoned by Gloorx Vloq (dark miasma)]
  5051 | D        | Succumbed to Gloorx Vloq's poison arrow

Illustrated notes

Levels and vault maps discovered:
D:        the_violet_keep_of_menkaure [sprint2_stairs_cluster_1,
          sprint2_shoproom, sprint2_temple, sprint2_basic_supplies,
          sprint2_obstacle_4, sprint2_obstacle_6, sprint2_obstacle_3,
          sprint2_obstacle_7, sprint2_obstacle_2, sprint2_timed_cluster_1,
          sprint2_smallroom_cluster_1, sprint2_smallroom_final_cluster_1,
          sprint2_transparent_cluster_1, sprint2_second_timed_cluster_1,
          sprint2_sniper_area_1, sprint2_heavy_combat_area_1,
          sprint2_mutation_trap_area_1, sprint2_forest_area_1,
          sprint2_light_combat_area_1, sprint2_behind_water_1,
          sprint2_near_end_vault_1]

Skill      XL: |  1  2  3  4  5  6  7  8  9 10 11 12 13 14 15 |
---------------+----------------------------------------------+-----
Fighting       | 6 7 8 10 11 13 14 16 17 20 22 23 27 | 27.0
Axes           | 6 8 9 10 12 13 16 17 19 21 23 24 27 | 27.0
Armour         | 3 4 5 6 8 9 11 13 14 16 20 23 | 23.2
Dodging        | 3 4 5 6 7 8 10 11 12 13 14 | 14.6
Stealth        | 1 2 3 5 |  5.5
Shields        | 3 5 7 8 9 11 12 | 12.2
Evocations     | 7 8 |  8.2

Action                   |  1- 3 |  4- 6 |  7- 9 | 10-12 | 13-15 || total
-------------------------+-------+-------+-------+-------+-------++-------
Melee: Hand axe          |     8 |    29 |    96 |       |       ||   133
       Headbutt          |     2 |     3 |    19 |    26 |    41 ||    91
       Battleaxe         |       |       |     9 |   121 |    14 ||   144
       Executioner's axe |       |       |       |     3 |   152 ||   155
       Broad axe         |       |       |       |       |     7 ||     7
Invok: Berserk           |     1 |     3 |     4 |     9 |    10 ||    27
       Trog's Hand       |       |       |       |       |     1 ||     1
Evoke: Tin of tremorston |       |       |       |       |     7 ||     7
       Lightning rod     |       |       |       |       |     9 ||     9
  Use: Potion            |       |       |     3 |     5 |     9 ||    17
       Scroll            |       |       |     1 |     6 |    26 ||    33
 Stab: Sleeping          |       |       |     1 |     1 |       ||     2
Armor: Animal skin       |     1 |     3 |       |       |       ||     4
       Ring mail         |       |       |    24 |    12 |       ||    36
       Plate armour      |       |       |       |    54 |   183 ||   237
       Skin              |       |       |       |       |     1 ||     1
Dodge: Dodged            |     5 |    11 |    39 |    45 |    78 ||   178
Block: Other             |       |       |     7 |    16 |    18 ||    41
       Tower shield      |       |       |       |       |    11 ||    11

Table legend: (Time is in decaauts)
 A = Elapsed time spent in this place.
 B = Non-inter-level travel time spent in this place.
 C = Inter-level travel time spent in this place.
 D = Time resting spent in this place.
 E = Time spent auto-exploring this place.
 F = Levels seen in this place.
 G = Mean time per level.
                   A        B        C        D        E       F      G
               +--------+--------+--------+--------+--------+-----+--------+
         Total |   5314 |   5314 |      0 |   2602 |      0 |   1 | 5314.0 |
       Dungeon |   5314 |   5314 |      0 |   2602 |      0 |   1 | 5314.0 |
               +--------+--------+--------+--------+--------+-----+--------+

Top non-repeatable levels by time:
       D: 5314 daAuts
